 Dungeon Crawl Stone Soup version 0.29.1-2-gbd0b4ee654 (webtiles) character file.

Game seed: 8582878098890059264

485 Haldmier the Cudgeller (level 6, -5/50 HPs)
             Began as a Demigod Artificer on Nov 30, 2022.
             Slain by an iguana (11 damage)
             ... on level 5 of the Dungeon.
             The game lasted 00:17:48 (5912 turns).

Haldmier the Cudgeller (Demigod Artificer)          Turns: 5912, Time: 00:17:48

Health: -5/50      AC:  5    Str: 21    XL:     6   Next: 57%
Magic:  17/17      EV: 12    Int: 13    God:
Gold:   271        SH:  0    Dex: 14    Spells: 5/5 levels left

rFire   . . .      SeeInvis .   D - +2 hand axe (flame)
rCold   . . .      Faith    .   (no shield)
rNeg    . . .      Spirit   .   n - +2 leather armour of Untruth {rElec MP+9}
rPois   .          Reflect  .   (no helmet)
rElec   +          Harm     .   (no cloak)
rCorr   .          Rampage  .   (no gloves)
Will    .....                   (no boots)
Stlth   ++........              (no amulet)
HPRegen 0.16/turn               (no ring)
MPRegen 0.15/turn               (no ring)

@: no status effects
A: high MP 1, forlorn, divine attributes
a: no special abilities


You were on level 5 of the Dungeon.
You visited 2 branches of the dungeon, and saw 6 of its levels.

You collected 271 gold pieces.

Inventory:

Hand Weapons
 j - a +0 sling
 u - the +5 dagger "Worm's Wrath" {vorpal, *Rage Will+ Int+4 Stlth+}
   (You took it off a goblin on level 2 of the Dungeon)

   It inflicts extra damage upon your enemies.
   Int:       It affects your intelligence (+4).
   *Rage:     It berserks you when you make melee attacks (+20% chance).
   Will:      It increases your willpower.
   Stlth:     It makes you more stealthy.
 v - a +2 short sword of speed
 x - a +0 shortbow
 y - a +0 flail
 C - a +0 vampiric hand axe
 D - a +2 hand axe of flaming (weapon)
 E - a +0 dagger of venom
 F - a +2 dagger of draining
Missiles
 g - 2 boomerangs
 m - 8 poisoned darts (quivered)
 s - 52 stones
 B - 3 curare-tipped darts
Armour
 n - the +2 leather armour of Untruth (worn) {rElec MP+9}
   (You found it on level 2 of the Dungeon)

   rElec:     It insulates you from electricity.
   MP:        It affects your magic capacity (+9).
Jewellery
 H - a ring of willpower
Wands
 c - a wand of flame (37)
 d - a wand of charming (12)
 e - a wand of iceblast (5)
 w - a wand of quicksilver (7)
 G - a wand of polymorph (3)
Scrolls
 a - a scroll of teleportation {unknown}
 b - a scroll of enchant weapon {unknown}
 i - a scroll of enchant armour {unknown}
 k - a scroll of blinking {unknown}
 o - a scroll of fear {unknown}
 r - a scroll of butterflies {unknown}
 t - a scroll of magic mapping {unknown}
 A - a scroll of amnesia {unknown}
Potions
 f - a potion of haste
 h - a potion of lignification {unknown}
 l - a potion of heal wounds
 p - a potion of berserk rage {unknown}
 q - 3 potions of curing
 z - a potion of flight {unknown}


   Skills:
 + Level 2.4 Fighting
 + Level 4.5 Maces & Flails
 + Level 2.9 Armour
 + Level 2.3 Dodging
 + Level 2.1 Stealth
 - Level 2.6 Evocations


You had 5 spell levels left.
You didn't know any spells.
Your spell library contained the following spells:

 Spells                   Type           Power      Damage    Failure   Level
 Alistair's Intoxication  Tmut/Pois      0%         N/A       100%        5
 Borgnjor's Vile Clutch   Necr/Erth      0%         N/A       100%        5
 Eringya's Noxious Bog    Tmut/Pois      0%         N/A       100%        6


Dungeon Overview and Level Annotations

Branches:
Dungeon (5/15)             Temple (1/1) D:4

Shops:
D:1 [

Annotations:
D:3 1 runed translucent door, 1 exclusion, Crazy Yiuf
D:4 2 transporters, Dowan; Duvessa; zurenarrh's ghost, novice BaSu


Innate Abilities, Weirdness & Mutations

You have an increased reservoir of magic. (+10% MP)
You shall have no god before yourself.
Your divine heritage dramatically boosts your attributes as you level up.


Message History

The black bear claws you.
* * * LOW HITPOINT WARNING * * *
Aiming: Charm
Press: ? - help, Shift-Dir - straight line, f/p - black bear
Aim: a black bear (chance to affect: 55%)
The black bear is charmed.
You feel sick. The jackal bites you.
* * * LOW HITPOINT WARNING * * *
The iguana bites your black bear. The jackal barely misses you.
You swap places.
You feel sick.
The iguana bites you but does no damage.
The jackal bites your black bear but does no damage.
You see here a scorpion corpse.
You feel sick. The jackal bites your black bear.
Your black bear barely misses the jackal.
Your black bear completely misses the jackal.
Your black bear claws the jackal.
The jackal closely misses your black bear.
You feel sick.
Your black bear bites something.
Your black bear closely misses something.
Your black bear claws something.
You feel a bit more experienced. What are your orders? t - Shout!
Orders for allies: a - Attack new target. p - Attack previous target. r - Retreat! s - Stop attacking. g - Guard the area. f - Follow me.
Anything else - Cancel.
Gang up on whom?
Press: ? - help, Dir - move target, f - iguana, p - black bear
Aim: an iguana Attack!
You feel sick. The iguana closely misses you.
You closely miss the iguana.
You feel sick.
You are no longer poisoned.
The jackal bites your black bear.
Your black bear bites the iguana.
Your black bear claws the iguana.
Your black bear claws the iguana but does no damage.
The iguana bites you.
* * * LOW HITPOINT WARNING * * *
The jackal barely misses your black bear.
The iguana bites you!
You die...

### #### ##@##
..###.#l###############
#.##.###hh.h.........§.
###.###<#.#############§.
#.....##.# ##§..
.#.#<.†..##.## #§.§.
................# # §§§..
###.###.....###.#
#..§§... #.....# .#
§..§§._


You could see an iguana (ally target), a jackal and a friendly black bear
(charmed).

Vanquished Creatures
  3 scorpions
  3 orc priests
  An orc wizard (D:3)
  5 adders
  3 gnolls (D:4)
  2 worms
  4 dart slugs
  13 orcs
  8 bats
  11 endoplasms
  6 giant cockroaches
  10 goblins
  8 hobgoblins
  6 quokkas
  4 ball pythons
  3 frilled lizards
  5 kobolds
  9 rats
104 creatures vanquished.

Vanquished Creatures (collateral kills)
  A jackal (D:5)
1 creature vanquished.

Grand Total: 105 creatures vanquished

Notes
Turn   | Place    | Note
-------+----------+-------------------------------------------
     0 | D:1      | Haldmier the Demigod Artificer began the quest for the Orb.
     0 | D:1      | Reached XP level 1. HP: 15/15 MP: 3/3
    98 | D:1      | Reached skill level 1 in Maces & Flails
   255 | D:1      | Reached XP level 2. HP: 22/22 MP: 4/4
   285 | D:1      | Reached skill level 2 in Maces & Flails
   361 | D:1      | Found Wimnom's Antique Armour Shop.
   887 | D:1      | Reached XP level 3. HP: 25/27 MP: 5/5
  1088 | D:2      | Identified the +2 leather armour of Untruth {rElec MP+9}
  1420 | D:2      | Reached skill level 3 in Maces & Flails
  1587 | D:2      | Identified the +5 dagger "Worm's Wrath" {vorpal, *Rage
                  | Will+ Int+4 Stlth+}
  1741 | D:2      | Reached XP level 4. HP: 32/34 MP: 6/6
  2866 | D:3      | Found a runed translucent door.
  2867 | D:3      | Noticed Crazy Yiuf
  2972 | D:4      | Reached skill level 1 in Dodging
  3081 | D:3      | Reached skill level 1 in Fighting
  3287 | D:4      | Reached skill level 4 in Maces & Flails
  3287 | D:4      | Reached XP level 5. HP: 21/40 MP: 7/7
  3711 | D:4      | Reached skill level 1 in Stealth
  3724 | D:4      | Noticed Dowan
  3727 | D:4      | Noticed Duvessa
  4109 | D:4      | Found a transporter.
  4109 | D:4      | Found a transporter.
  4110 | D:4      | Noticed zurenarrh's ghost (novice BaSu)
  4110 | D:4      | Identified the +1 giant spiked club of Wuiluose {vorpal,
                  | Int+2 Dex+3}
  4110 | D:4      | Noticed an ogre
  4111 | D:4      | Noticed an ogre
  4824 | D:3      | Reached XP level 6. HP: 48/48 MP: 8/8
  4906 | D:4      | Found a staircase to the Ecumenical Temple.
  4922 | Temple   | Entered the Ecumenical Temple
  5682 | D:5      | Entered Level 5 of the Dungeon
  5912 | D:5      | Slain by an iguana

Illustrated notes

Levels and vault maps discovered:
D:1:      minmay_arrival_open_corners, layout_basic, serial_shops,
          nicolae_shop_trees, shapermc_ecumenical_altar_totnotflames,
          kennysheep_nondescript
D:2:      layout_rooms, columned_hall_lemuel
D:3:      layout_loops_ring, minmay_misc_feat_doors, uniq_crazy_yiuf_cottage
D:4:      layout_loops_ring, nicolae_ru_awakened_eye,
          nicolae_overflow_two_pavilions, lemuel_coloured_pillars_altar,
          minmay_temple_entry_nine_rooms, gammafunk_ghost_smash, uniq_duvessa
D:5:      layout_loops_ring, nicolae_dithmenos_the_darkroom,
          minmay_misc_feat_five
Temple:   hellmonk_temple_forest_ring

Skill      XL: |  1  2  3  4  5  6 |
---------------+-------------------+-----
Maces & Flails | 1 2 3 4 |  4.5
Dodging        | 1 2 |  2.3
Fighting       | 1 2 |  2.4
Armour         | 2 |  2.9
Stealth        | 1 2 |  2.1
Evocations     | |  2.6

Action                   |  1- 3 |  4- 6 || total
-------------------------+-------+-------++-------
Melee: Mace              |   129 |    49 ||   178
       Punch             |     1 |     3 ||     4
       Short sword       |       |    83 ||    83
       Hand axe          |       |    78 ||    78
       Dagger            |       |     9 ||     9
Throw: Dart              |     4 |    14 ||    18
Evoke: Wand              |     4 |     3 ||     7
  Use: Scroll            |       |     3 ||     3
       Potion            |       |     1 ||     1
 Stab: Sleeping          |     4 |     4 ||     8
Armor: Leather armour    |    60 |    45 ||   105
Dodge: Dodged            |    62 |    98 ||   160
